 Dungeon Crawl Stone Soup version 0.28.0-49-g6dfe1f597d (webtiles) character file.

Game seed: 7100954522746515268

12397 Dreadrock the Cleaver (level 11, -4/101 HPs)
             Began as a Minotaur Fighter on May 12, 2022.
             Was an Elder of the Shining One.
             Slain by a slime creature (9 damage)
             ... on level 12 of the Dungeon.
             The game lasted 00:31:52 (13025 turns).

Dreadrock the Cleaver (Minotaur Fighter)           Turns: 13025, Time: 00:31:52

Health: -4/101     AC: 20    Str: 25    XL:     11   Next: 61%
Magic:  10/10      EV: 11    Int:  5    God:    the Shining One [****..]
Gold:   684        SH:  6    Dex: 10    Spells: 10/10 levels left

rFire   . . .      SeeInvis .   a - +1 war axe
rCold   . . .      Faith    .   c - +0 buckler
rNeg    + + .      Spirit   .   j - +0 plate armour
rPois   .          Reflect  .   (helmet restricted)
rElec   .          Harm     .   e - +0 cloak
rCorr   .          Rampage  .   p - +0 pair of gloves
Will    .....                   l - +1 pair of boots
Stlth   ..........              x - amulet of regeneration
HPRegen 1.06/turn               o - +4 ring of evasion
MPRegen 0.12/turn               (no ring)

@: glowing
A: horns 2, retaliatory headbutt
a: Renounce Religion, Divine Shield, Cleansing Flame


You were on level 12 of the Dungeon.
You worshipped the Shining One.
The Shining One was greatly pleased with you.
You visited 1 branch of the dungeon, and saw 12 of its levels.

You collected 684 gold pieces.

Inventory:

Hand Weapons
 a - a +1 war axe (weapon)
Armour
 c - a +0 buckler (worn)
 e - a +0 cloak (worn)
 j - a +0 plate armour (worn)
 l - a +1 pair of boots (worn)
 p - a +0 pair of gloves (worn)
Jewellery
 b - an amulet of guardian spirit
 o - a +4 ring of evasion (left hand)
 q - the amulet "Delaala" {Spirit rElec rF+ rC- Will+}
   (You found it on level 5 of the Dungeon)

   [amulet of guardian spirit]

   It causes incoming damage to be divided between your reserves of health and
   magic.
   rF:        It protects you from fire.
   rC:        It makes you vulnerable to cold.
   rElec:     It insulates you from electricity.
   Will:      It increases your willpower.
 r - a +6 ring of intelligence
 x - an amulet of regeneration (around neck)
 D - an amulet of regeneration
 L - an amulet of the acrobat
 M - a ring of flight
Wands
 i - a wand of digging (5)
 m - a wand of iceblast (4)
 A - a wand of flame (8)
 J - a wand of polymorph (3)
Scrolls
 g - 5 scrolls of teleportation
 s - 3 scrolls of fog
 u - 2 scrolls of blinking
 y - a scroll of brand weapon
 z - a scroll of acquirement {unknown}
 B - a scroll of noise
 C - 2 scrolls of amnesia {unknown}
 E - a scroll of torment {unknown}
 F - a scroll of immolation {unknown}
 H - a scroll of holy word {unknown}
 K - a scroll of magic mapping {unknown}
Potions
 d - a potion of might
 f - a potion of berserk rage
 h - 6 potions of curing
 k - 3 potions of cancellation
 n - 3 potions of brilliance
 t - a potion of invisibility
 v - 2 potions of heal wounds
 w - a potion of flight
 G - a potion of magic
 I - 2 potions of lignification {unknown}


   Skills:
 + Level 10.4 Fighting
 * Level 13.8 Axes
 + Level 10.5 Armour
 + Level 10.4 Shields
 - Level 4.0 Evocations


You had 10 spell levels left.
You didn't know any spells.
Your spell library contained the following spells:

 Spells                   Type           Power      Damage    Failure   Level
 Freeze                   Ice            0%         1d3       99%         1
 Shock                    Conj/Air       0%         1d3       99%         1
 Blink                    Tloc           0%         N/A       100%        2
 Static Discharge         Conj/Air       0%         N/A       100%        2
 Conjure Flame            Conj/Fire      0%         6-21      100%        3
 Frozen Ramparts          Ice            0%         1d2       100%        3
 Gell's Gravitas          Tloc           0%         N/A       100%        3
 Ignite Poison            Fire/Tmut/Pois 0%         N/A       100%        3
 Lesser Beckoning         Tloc           0%         N/A       100%        3
 Swiftness                Air            0%         N/A       100%        3
 Teleport Other           Tloc           0%         N/A       100%        3
 Airstrike                Air            0%         N/A       100%        4
 Hailstorm                Conj/Ice       0%         3d3       100%        4
 Sticky Flame             Conj/Fire      0%         2d3       100%        4
 Summon Lightning Spire   Summ/Air       0%         N/A       100%        4
 Lightning Bolt           Conj/Air       0%         1d11      100%        5
 Manifold Assault         Tloc           0%         N/A       100%        5
 Maxwell's Capacitive Co  Air            0%         ∞         100%        8


Dungeon Overview and Level Annotations

Branches:
Dungeon (12/15)            Temple (0/1) D:5            Lair (0/6) D:10
    Orc (0/2) D:9

Altars:
Fedhas
Hepliaklqana
Kikubaaqudgha
Uskayaw
Zin
The Shining One

Shops:
D:2 *=(!!   D:4 *


Innate Abilities, Weirdness & Mutations

You have a pair of horns on your head.
You reflexively headbutt those who attack you in melee.


Message History

You furiously retaliate!
You headbutt the large slime creature! The large slime creature hits you.
You hit the very large slime creature.
The very large slime creature is heavily wounded.
You slash the large slime creature! You hit the large slime creature.
The very large slime creature hits you!!!
* * * LOW HITPOINT WARNING * * *
A large slime creature splits.
The large slime creature completely misses you.
You hear a shout!
You feel much better.
You hear a shout!
The very large slime creature hits you!!
* * * LOW HITPOINT WARNING * * *
The slime creature hits you but does no damage.
The large slime creature hits you!! The Shining One protects you from harm!
The slime creature hits you but does no damage.
You feel much better.
The very large slime creature hits you!!!
* * * LOW HITPOINT WARNING * * *
The slime creature hits you but does no damage.
You block the large slime creature's attack.
A centaur comes into view.
The slime creature completely misses you.
You hit the slime creature but do no damage.
You headbutt the slime creature.
The slime creature is severely wounded.
You hit the very large slime creature but do no damage.
You slash the large slime creature! You slash the slime creature!
The very large slime creature hits you!!!
The Shining One protects you from harm! You block the slime creature's attack.
You block the large slime creature's attack.
You slash the slime creature! You headbutt the slime creature.
The slime creature is almost dead.
You hit the very large slime creature.
You hit the large slime creature but do no damage.
You slash the slime creature! The slime creature hits you!
You die...

#############
#............ .
######.#########
... #####......#
#
....#$.........#
#
......JJ.......#
#.J@J......#
......###/######
....$...^.#
.....###### ...
.. .


You could see a very large slime creature, a large slime creature and 2 slime
creatures.

Vanquished Creatures
  4 two-headed ogres
  An ugly thing (D:11)
  A cyclops (D:10)
  A gargoyle (D:10)
  An unseen horror (D:11)
  A tengu conjurer (D:9)
  A troll (D:9)
  2 slime creatures (D:12)
  A shadow (D:11)
  Sigmund (D:3)
  A wraith (D:7)
  10 yaks
  3 vampires
  A steam dragon (D:9)
  2 acid dragons
  A water moccasin (D:9)
  3 orc warriors
  An ice beast (D:7)
  A sky beast (D:5)
  4 necrophages (D:10)
  3 centaurs
  A phantom (D:4)
  Blork the orc (D:6)
  4 kobold brigands (D:9)
  2 bullfrogs
  4 scorpions
  A wyvern zombie (D:7)
  3 gnoll sergeants
  2 wyvern skeletons
  3 jellies (D:5)
  2 water moccasin skeletons
  11 killer bees
  5 wights
  4 howler monkeys
  5 centaur zombies
  5 hounds
  An iguana (D:5)
  8 orc priests
  A bullfrog skeleton (D:7)
  A gnoll shaman (D:10)
  Ijyb (D:5)
  5 orc wizards
  Natasha (thrice) (D:2)
  2 killer bee zombies (D:6)
  The ghost of Zippel the Sneak, a weakling OpDe (D:6)
  2 hound skeletons
  Robin (D:2)
  17 gnolls
  11 adders
  A howler monkey skeleton (D:7)
  An ufetubus (D:6)
  An adder skeleton (D:5)
  A worm (D:2)
  3 dart slugs
  25 orcs
  3 bats
  5 endoplasms
  2 giant cockroaches
  18 goblins
  7 hobgoblins
  8 ball pythons
  2 frilled lizards
  A goblin zombie (D:4)
  11 kobolds
  A quokka zombie (D:4)
  4 rats
245 creatures vanquished.

Vanquished Creatures (others)
  3 fungi (D:10)
  13 plants
  A withered plant (D:10)
17 creatures vanquished.

Grand Total: 262 creatures vanquished

Notes
Turn   | Place    | Note
-------+----------+-------------------------------------------
     0 | D:1      | Dreadrock the Minotaur Fighter began the quest for the Orb.
     0 | D:1      | Reached XP level 1. HP: 19/19 MP: 0/0
   214 | D:1      | Reached XP level 2. HP: 26/27 MP: 1/1
   309 | D:1      | Reached skill level 3 in Axes
   872 | D:2      | Found Giynut's Antique Weapon Emporium.
   878 | D:2      | Noticed Natasha
   886 | D:2      | Killed Natasha
   887 | D:2      | Reached XP level 3. HP: 14/33 MP: 2/2
  1179 | D:2      | Reached XP level 4. HP: 24/40 MP: 3/3
  1347 | D:2      | Noticed Robin
  1358 | D:2      | Noticed Natasha
  1361 | D:2      | Killed Robin
  1362 | D:2      | Reached skill level 4 in Axes
  1363 | D:2      | Killed Natasha
  1528 | D:2      | Noticed Natasha
  1534 | D:2      | Killed Natasha
  1535 | D:2      | Reached XP level 5. HP: 47/47 MP: 4/4
  1567 | D:2      | Found Isuczam's Distillery.
  1690 | D:2      | Found a glowing golden altar of the Shining One.
  1722 | D:2      | Became a worshipper of the Shining One
  1779 | D:2      | Found Ehypruin's Jewellery Boutique.
  2192 | D:2      | Found Kuetateo's Distillery.
  2330 | D:2      | Found Amunye Duli's Assorted Antiques.
  2789 | D:3      | Noticed Sigmund
  2797 | D:3      | Killed Sigmund
  2798 | D:3      | Reached skill level 5 in Fighting
  2798 | D:3      | Reached skill level 5 in Axes
  2798 | D:3      | Reached skill level 5 in Armour
  2798 | D:3      | Reached skill level 1 in Evocations
  2798 | D:3      | Reached XP level 6. HP: 44/56 MP: 5/5
  3381 | D:4      | Reached skill level 5 in Shields
  3401 | D:4      | Reached XP level 7. HP: 54/61 MP: 6/6
  3408 | D:4      | Reached skill level 6 in Axes
  3640 | D:4      | Found a sand-covered staircase.
  3684 | D:4      | Reached * piety under the Shining One
  4047 | D:4      | Found Zin's Purification Station.
  4050 | D:4      | Found a glowing silver altar of Zin.
  4527 | D:5      | Entered Level 5 of the Dungeon
  4798 | D:5      | Noticed Ijyb
  4808 | D:5      | Killed Ijyb
  4909 | D:5      | HP: 2/62 [orc priest/nerve-wracking pain (14)]
  4910 | D:5      | Reached skill level 7 in Axes
  4933 | D:5      | HP: 3/62 [hound (4)]
  4935 | D:5      | Reached XP level 8. HP: 3/70 MP: 7/7
  5703 | D:5      | Identified the amulet "Delaala" {Spirit rElec rF+ rC-
                  | Will+}
  6232 | D:5      | Found a staircase to the Ecumenical Temple.
  6683 | D:6      | Reached skill level 8 in Axes
  6795 | D:6      | Found a runed translucent gate.
  6796 | D:6      | Found a runed translucent gate.
  6797 | D:6      | Found a runed translucent gate.
  6806 | D:6      | Noticed Zippel's ghost (weakling OpDe)
  6819 | D:6      | Killed Zippel's ghost
  6865 | D:6      | Noticed Blork the orc
  6874 | D:6      | Killed Blork the orc
  7014 | D:6      | Reached ** piety under the Shining One
  7550 | D:7      | Found a flagged portal.
  7588 | D:7      | Reached XP level 9. HP: 78/79 MP: 8/8
  7664 | D:7      | Found a glowing golden altar of the Shining One.
  7891 | D:7      | Reached skill level 9 in Axes
  8182 | D:7      | Found an ancient bone altar of Kikubaaqudgha.
  8569 | D:8      | Noticed a two-headed ogre
  8581 | D:8      | Killed a two-headed ogre
  8582 | D:8      | Reached skill level 10 in Axes
  8840 | D:8      | Found a hazy altar of Hepliaklqana.
  9133 | D:8      | Reached *** piety under the Shining One
  9138 | D:8      | Reached XP level 10. HP: 80/88 MP: 9/9
  9764 | D:9      | Noticed a two-headed ogre
  9776 | D:9      | Killed a two-headed ogre
  9777 | D:9      | Reached skill level 11 in Axes
 10148 | D:9      | Found a staircase to the Orcish Mines.
 10491 | D:9      | HP: 3/91 [gnoll sergeant/+0 spear (2)]
 10493 | D:9      | Reached skill level 12 in Axes
 11022 | D:9      | Found a blossoming altar of Fedhas.
 11164 | D:10     | Entered Level 10 of the Dungeon
 11646 | D:10     | Reached XP level 11. HP: 97/97 MP: 10/10
 11870 | D:10     | Found a hide-covered altar of Uskayaw.
 11880 | D:10     | Reached **** piety under the Shining One
 11926 | D:10     | Reached skill level 13 in Axes
 12000 | D:10     | Reached skill level 10 in Armour
 12039 | D:10     | Reached skill level 10 in Fighting
 12063 | D:10     | Found a staircase to the Lair.
 12330 | D:11     | Reached skill level 10 in Shields
 12466 | D:11     | Noticed a two-headed ogre
 12474 | D:11     | Killed a two-headed ogre
 12545 | D:11     | Noticed a green ugly thing
 12554 | D:11     | Killed a green ugly thing
 12732 | D:11     | Noticed a two-headed ogre
 12741 | D:11     | Killed a two-headed ogre
 13022 | D:12     | The Shining One protects you from harm!
 13023 | D:12     | HP: 3/101 [very large slime creature (42)]
 13024 | D:12     | The Shining One protects you from harm!
 13025 | D:12     | Slain by a slime creature

Illustrated notes

Levels and vault maps discovered:
D:1:      saegor_arrival_under_anarchy, layout_basic
D:2:      layout_loops_corners, serial_shops, shop,
          nicolae_shop_overgrown_old_shop, nicolae_shop_trees,
          nicolae_shop_temple_entry_statues_fountains, shop, basic_altar,
          uniq_natasha, uniq_robin
D:3:      layout_loops_ring, uniq_sigmund
D:4:      layout_cave_pods, zin_purify, enter_ossuary_4
D:5:      nicolae_cairo_tiling_very_big, layout_basic,
          minmay_temple_entry_junction, st_stairs_11, minmay_checkerbox,
          uniq_ijyb
D:6:      layout_basic, ebering_ghost_rock_garden, uniq_blork_the_orc
D:7:      layout_cave_pools, marbit_many_paths,
          nicolae_kikubaaqudgha_miasma_corner, enter_bailey_5,
          dk_noncrumbling_4, minmay_shattered_shrine
D:8:      layout_loops_ring, nicolae_hepliaklqana_hazy_memory
D:9:      kennysheep_blocky_room, layout_small_grid, fedhas_altar_4, orc_0_dummy
D:10:     layout_grid_maze, mainiacjoe_overflow_alcove_1,
          grunt_lair_entry_orc_guard_hut, serial_undead, serial_undead_b,
          serial_undead_c, serial_undead_c, serial_undead_c
D:11:     layout_roguey
D:12:     layout_basic, uniq_fannar

Skill      XL: |  1  2  3  4  5  6  7  8  9 10 11 |
---------------+----------------------------------+-----
Axes           | 3 4 5 7 8 10 12 13 | 13.8
Fighting       | 4 5 7 8 9 10 | 10.4
Armour         | 4 5 6 8 9 10 | 10.5
Shields        | 4 5 6 8 9 10 | 10.4
Evocations     | 1 2 3 4 |  4.0

Action                   |  1- 3 |  4- 6 |  7- 9 | 10-12 || total
-------------------------+-------+-------+-------+-------++-------
Melee: War axe           |    50 |    70 |   225 |   261 ||   606
       Headbutt          |     7 |    14 |    44 |    75 ||   140
Evoke: Wand              |       |       |     3 |       ||     3
  Use: Scroll            |     2 |     2 |     8 |     5 ||    17
       Potion            |       |       |       |     3 ||     3
Armor: Scale mail        |    16 |    30 |       |       ||    46
       Plate armour      |       |     6 |   131 |   145 ||   282
Dodge: Dodged            |    20 |    28 |   116 |   134 ||   298
Block: Buckler           |     7 |    16 |    63 |    93 ||   179
